 Dungeon Crawl Stone Soup version 0.22-a0-482-g76e0a5f (webtiles) character file.

49 epen the Ruffian (level 3, -4/31 HPs)
             Began as a Naga Transmuter on June 17, 2018.
             Slain by a quokka (5 damage)
             ... on level 3 of the Dungeon.
             The game lasted 00:03:31 (2479 turns).

epen the Ruffian (Naga Transmuter)                  Turns: 2479, Time: 00:03:32

Health: -4/31      AC:  1    Str: 12    XL:     3   Next: 77%
Magic:  4/6        EV: 10    Int: 14    God:
Gold:   39         SH:  0    Dex: 11    Spells: 0/6 levels left

rFire    . . .     SeeInvis +     - Unarmed
rCold    . . .     Gourm    .   (no shield)
rNeg     . . .     Faith    .   (no armour)
rPois    +         Spirit   .   (no helmet)
rElec    .         Reflect  .   (no cloak)
rCorr    .         Harm     .   (no gloves)
MR       .....                  (no barding)
Stlth    ..........             g - amulet of magic regeneration
HPRegen  0.10/turn              k - ring of loudness (curse)
MPRegen  0.35/turn              (no ring)

@: appendage, very slow
A: large, horns 2, see invisible, deformed body, poison resistance, slowness 2,
slow metabolism 1, spit poison 1, AC +1
a: Spit Poison, End Transformation


You were on level 3 of the Dungeon.
You were hungry.
You had grown temporary horns.
You visited 1 branch of the dungeon, and saw 3 of its levels.

You collected 39 gold pieces.

Inventory:

Missiles
 a - 29 arrows
Armour
 b - a +0 robe
Jewellery
 g - an amulet of magic regeneration (around neck)
 k - a cursed ring of loudness (left hand)
Scrolls
 c - 2 scrolls of identify {unknown}
 h - 2 scrolls of remove curse {unknown}
 i - a scroll of teleportation {unknown}
 o - a scroll of enchant armour {unknown}
Potions
 e - a potion of heal wounds {unknown}
 f - a potion of haste {unknown}
 j - a potion of curing {unknown}
 l - a potion of ambrosia {unknown}
 m - a potion of lignification {unknown}
 n - 2 potions of cancellation {unknown}
 p - a potion of might {unknown}
 r - a potion of degeneration {unknown}
Comestibles
 d - 2 rations
 q - 6 chunks of flesh


   Skills:
 + Level 1.5 Fighting
 + Level 1.9 Dodging
 * Level 3.6 Unarmed Combat
 + Level 2.3 Spellcasting
 + Level 2.3 Transmutations


You couldn't memorise any spells.
You knew the following spells:

 Your Spells              Type           Power        Failure   Level  Hunger
a - Beastly Appendage     Tmut           #.....       9%          1    #......
b - Sticks to Snakes      Tmut           #.......     13%         2    ###....
c - Spider Form           Tmut/Pois      #.........   38%         3    ###....

Your spell library contained the following spells:

 Spells                   Type           Power        Failure   Level  Hunger
 Blade Hands              Tmut           #.........   94%         5    ######.
 Ice Form                 Ice/Tmut       #.......     80%         4    #####..


Dungeon Overview and Level Annotations

Branches:
Dungeon (3/15)

Altars:


Innate Abilities, Weirdness & Mutations

You cannot wear boots.
Your serpentine skin is tough. (AC +1)
You have supernaturally acute eyesight. (SInv)
Armour fits poorly on your strangely shaped body.
Your system is resistant to poisons. (rPois)
You cover ground very slowly.
You have a slow metabolism.
You can spit poison.
You have a pair of horns on your head.


Message History

You are too injured to fight recklessly!
You closely miss the quokka.
The quokka is severely wounded.
The quokka bites you.
* * * LOW HITPOINT WARNING * * *
Casting: Spider Form (slightly dangerous; 38% risk of failure)
Confirm with . or Enter, or press ? or * to list all spells.
You grow a pair of large bovine horns.
The quokka barely misses you. The quokka bites you.
* * * LOW HITPOINT WARNING * * *
You closely miss the quokka.
The quokka is severely wounded.
The quokka bites you.
* * * LOW HITPOINT WARNING * * *
Casting: Beastly Appendage (safe; 9% risk of failure)
Confirm with . or Enter, or press ? or * to list all spells.
You create a snake!
You now have 29 arrows.
The quokka bites you.
* * * LOW HITPOINT WARNING * * *
The quokka bites you.
You die...

..# #...⌠÷....... .#.
......###.†.###.... ...
...... #...#.##..# ...
##.##.## #...#.....#
###..#......# #.<.#÷†...#
#....#....#.# #.(.#.†....
.........##.#######)...##
......S..##..#........<..
.......r@'†...........>..
.........###.............
#'#####'## #####.........
.... ........... #....
............ #.....
............ #.....
#............ #......
...........


You could see a quokka and a friendly ball python.

Vanquished Creatures
  4 dart slugs
  A leopard gecko (D:1)
  5 hobgoblins
  6 jackals (D:3)
  A quokka (D:2)
  3 bats (D:1)
  3 frilled lizards
  6 goblins
  2 kobolds (D:1)
31 creatures vanquished.

Vanquished Creatures (collateral kills)
  A dart slug (D:1)
  A bat (D:3)
  A goblin (D:1)
  A hobgoblin (D:1)
  A jackal (D:3)
5 creatures vanquished.

Grand Total: 36 creatures vanquished

Notes
Turn   | Place    | Note
-------+----------+-------------------------------------------
     0 | D:1      | epen the Naga Transmuter began the quest for the Orb.
     0 | D:1      | Reached XP level 1. HP: 18/18 MP: 3/3
     1 | D:1      | Noticed an electric eel
   290 | D:1      | Reached XP level 2. HP: 16/25 MP: 5/5
   402 | D:1      | Learned a level 2 spell: Sticks to Snakes
  1296 | D:2      | Reached XP level 3. HP: 26/31 MP: 6/6
  1301 | D:2      | Learned a level 3 spell: Spider Form
  2478 | D:3      | HP: 1/31 [quokka (2)]
  2479 | D:3      | Slain by a quokka

Vault maps used:
D:1:      arrival_aquarium_a
D:3:      nicolae_ru_sacrificial_ziggurat, grunt_temple_overflow_open,
          first_ration, serial_park_tiny_2, grunt_ministairs_14,
          kennysheep_slug_shrine

Action                   || total
-------------------------++-------
Melee: Unarmed           ||   118
       Headbutt          ||     5
 Cast: Beastly Appendage ||    12
       Sticks to Snakes  ||     6
       Spider Form       ||     3
  Eat: Chunk             ||     4
Armor: Robe              ||    13
       Skin              ||     4
Dodge: Dodged            ||    82

Table legend:
 A = Spawn XP
 B = Non-spawn XP
 C = Spawn XP percentage of total XP
 D = Spawn monster count
 E = Non-spawn monster count
 F = Spawn count percentage of total count
 G = Total turns spent on level
                    A         B        C        D         E        F      G
               +---------+---------+-------+---------+---------+-------+---------
         Total |       0 |      71 |   0.0 |       0 |      36 |   0.0 |  2479
               +---------+---------+-------+---------+---------+-------+---------
           D:1 |       0 |      30 |   0.0 |       0 |      16 |   0.0 |  1203
           D:2 |       0 |      17 |   0.0 |       0 |       7 |   0.0 |   924
           D:3 |       0 |      24 |   0.0 |       0 |      13 |   0.0 |   352
               +---------+---------+-------+---------+---------+-------+---------
